 Dungeon Crawl Stone Soup version 0.17-a0-1691-g18a3847 (webtiles) character file.

47 JEM123 the Ruffian (level 3, -3/36 HPs)
             Began as a Troll Monk on Aug 21, 2015.
             Slain by a goblin
             ... wielding a +1 dagger of protection
             ... led by Robin
              (5 damage)
             ... on level 2 of the Dungeon.
             The game lasted 00:04:59 (938 turns).

JEM123 the Ruffian (Troll Monk)                      Turns: 938, Time: 00:04:59

Health: -3/36      AC:  5    Str: 20    XL:     3   Next: 48%
Magic:  2/2        EV: 10    Int:  6    God:
Gold:   42         SH:  0    Dex: 12    Spells: 0 memorised, 2 levels left

rFire  . . .     SeeInvis .       - Unarmed
rCold  . . .     Clarity  .     a - +0 robe
rNeg   . . .     SustAt   .     (no shield)
rPois  .         Gourm    +     (helmet restricted)
rElec  .         Spirit   .     (no cloak)
rCorr  .         Warding  .     (gloves unavailable)
rMut   .         Stasis   .     (boots unavailable)
MR     .....                    (no amulet)
Stlth  +.........               (no ring)
                                (no ring)

@: not resistant to hostile enchantments, very unstealthy
A: unfitting armour, claws 3, fast metabolism 3, gourmand, regeneration 2,
shaggy fur 1, tough skin 2
a: no special abilities


You were on level 2 of the Dungeon.
You were not hungry.

You visited 1 branch of the dungeon, and saw 2 of its levels.

You collected 42 gold pieces.

Inventory:

Hand weapons
 l - a +1 vampiric hand axe
Missiles
 c - 63 stones (quivered)
 e - 4 poisoned javelins
Armour
 a - a +0 robe (worn)
Scrolls
 d - a scroll of fog {unknown}
 g - a scroll of magic mapping {unknown}
 h - a scroll of identify {unknown}
 i - 3 scrolls of remove curse {unknown}
 k - 2 scrolls of teleportation {unknown}
Potions
 f - 2 potions of might {unknown}
 j - a potion of curing {unknown}
Comestibles
 b - 2 bread rations


   Skills:
 - Level 2.4 Fighting
 - Level 2.4 Dodging
 - Level 1.1 Stealth
 + Level 5.3 Unarmed Combat


You had 2 spell levels left.
You didn't know any spells.

Dungeon Overview and Level Annotations

Branches:
Dungeon (2/15)

Altars:

Annotations:
D:2 Robin


Innate Abilities, Weirdness & Mutations

You are too large for most types of armour.
You have claws for hands.
Your metabolism is lightning-fast.
You like to eat raw meat.
You heal very quickly.
You are covered in fur (AC +1).
You have very tough skin (AC +2).


Message History

Robin hits you with a whip.
The hobgoblin hits you but does no damage.
The goblin hits you but does no damage.
You scratch Robin.
Robin is moderately wounded.
The goblin hits you with a club. x2
* * * LOW HITPOINT WARNING * * *
The goblin hits you with a club.
* * * LOW HITPOINT WARNING * * *
Robin roars a battlecry!
The goblin goes into a battle-frenzy!
Robin hits you but does no damage. The hobgoblin hits you with a club.
* * * LOW HITPOINT WARNING * * *
The goblin hits you but does no damage.
Robin flexes a bicep menacingly.
Robin hits you but does no damage. Robin throws the goblin at you!
The hobgoblin closely misses you.
The goblin hits you with a dagger of protection.
You die...

#... #... ###...
....# ..>. #
#..#
####.#g.#####.##
......g.........
####.##@g####.#
#....ggg.......
#.#.#l).......#
###.###<#
#.#.####...
#......<# #.#.#
##
#...........#.#
##.####.##..#.#
# #.##..#.#
#.?......


You could see Robin, a hobgoblin (frenzied), 4 goblins and a giant newt.

Vanquished Creatures
  A worm (D:2)
  4 bats (D:1)
  3 giant cockroaches (D:1)
  2 hobgoblins (D:2)
  7 jackals (D:1)
  7 kobolds (D:1)
  2 giant geckos (D:1)
  3 giant newts (D:1)
  6 goblins
  6 rats (D:1)
41 creatures vanquished.

Notes
Turn   | Place    | Note
--------------------------------------------------------------
     0 | D:1      | JEM123 the Troll Monk began the quest for the Orb.
     0 | D:1      | Reached XP level 1. HP: 22/22 MP: 0/0
   157 | D:1      | Reached XP level 2. HP: 17/29 MP: 1/1
   336 | D:2      | Noticed Robin
   531 | D:1      | Reached skill level 5 in Unarmed Combat
   531 | D:1      | Reached XP level 3. HP: 36/36 MP: 2/2
   935 | D:2      | HP: 1/36 [hobgoblin/club[Robin] (4)]
   938 | D:2      | Slain by a goblin

Vault maps used:
D:1:      dpeg_arrival_boxorama, serial_forest, infiniplex_forest_join,
          infiniplex_forest_end_2, infiniplex_forest_end_2,
          infiniplex_forest_straight_4, infiniplex_forest_clump_small,
          infiniplex_forest_clump_curved, infiniplex_forest_straight_2,
          infiniplex_forest_clump_long, infiniplex_forest_clump_double,
          minmay_misc_feat_roman, minmay_quantized
D:2:      first_bread, minivault_23, kennysheep_path_1, uniq_natasha, uniq_robin

Action                   || total
-------------------------++-------
Melee: Unarmed           ||   107
 Stab: Sleeping          ||     3
  Eat: Chunk             ||     3
       Bread ration      ||     1
